Map: Habitation Station LE (Void)

Players

Voodoochilli

  • Race: Terran Terran
  • League: Platinum
  • Spawn Location: 11:00

vrnigor - Winner!

  • Race: Protoss Protoss
  • League: Diamond
  • Spawn Location: 1:00

VOD

Have the link to the VOD?

Description

Time

  • Played on: Dec. 9, 2016, 11:40 a.m.
  • Length: 16:00
Show
View Real Time Build Order
Export as new Build Order

Voodoochilli Terran 

Build Orders: MMM Bio 

Get SALT Encoding   

  12  0:01  SCV  
  13  0:13  SCV  
  14  0:19  Supply Depot  
  14  0:25  SCV  
  15  0:41  SCV  
  16  0:45  Barracks  
  16  0:51  Refinery  
  16  0:54  SCV  
  17  1:06  SCV  
  18  1:18  Supply Depot, SCV  
  19  1:30  SCV  
  20  1:34  Marine  
  21  1:42  Orbital Command  
  21  2:02  Barracks Reactor  
  21  2:10  SCV  
  21  2:12  Command Center  
  22  2:18  Factory  
  22  2:24  SCV  
  22  2:27  Supply Depot  
  22  2:29  Refinery  
  23  2:36  Engineering Bay  
  23  2:38  SCV  
  23  2:40  Marine  
  23  2:42  Marine  
  26  2:50  SCV  
  27  2:58  Marine  
  28  3:00  Marine  
  29  3:06  Widow Mine, Missile Turret  
  29  3:12  Starport  
  31  3:14  SCV  
  31  3:16  Marine  
  32  3:27  Orbital Command  
  32  3:28  Marine  
  31  3:47  Marine  
  32  3:49  Widow Mine  
  32  3:50  Medivac  
  36  3:57  Marine  
  36  4:01  Barracks  
  36  4:04  Marine  
  35  4:14  Orbital Command  
  35  4:18  SCV  
  36  4:32  Bunker  
  36  4:34  Medivac  
  36  4:35  Factory Tech Lab  
  38  4:40  SCV  
  38  4:41  SCV  
  38  4:45  Marine x2  
  42  4:49  Barracks  
  42  4:51  Supply Depot, Barracks  
  42  4:54  SCV  
  42  4:56  SCV  
  44  5:03  Marine x2, Missile Turret  
  44  5:06  SCV  
  47  5:08  SCV  
  46  5:33  Marine  
  47  5:36  Barracks Tech Lab  
  47  5:37  Siege Tank  
  47  5:39  SCV  
  51  5:42  Barracks Tech Lab  
  51  5:43  Barracks Reactor  
  51  5:44  Starport Reactor  
  51  5:45  Terran Infantry Weapons Level 1  
  51  5:51  Supply Depot, SCV x2  
  51  5:53  Missile Turret  
  51  5:54  Refinery  
  51  5:56  Marine, Marauder  
  56  5:58  Stimpack  
  56  6:03  SCV  
  57  6:05  Missile Turret  
  57  6:06  SCV  
  57  6:11  Marine  
  58  6:14  Marine, Marauder  
  62  6:19  SCV  
  62  6:24  Marine  
  62  6:25  Marauder, SCV  
  67  6:27  Combat Shields  
  67  6:31  SCV  
  67  6:32  Medivac  
  70  6:44  Supply Depot  
  70  6:46  Supply Depot  
  70  6:47  Refinery  
  70  6:53  Command Center  
  70  7:05  Marine x4, SCV x2  
  70  7:06  Marauder  
  76  7:11  Marine  
  77  7:17  SCV x2  
  79  7:23  Marine x2  
  79  7:24  Marine x2  
  79  7:25  Medivac  
  79  7:29  SCV  
  86  7:31  Medivac, Marine  
  86  7:32  Marauder  
  91  7:37  SCV  
  91  7:38  Supply Depot x3  
  91  7:41  Marine  
  91  7:42  SCV  
  94  7:50  Supply Depot, Terran Infantry Armor Level 1  
  94  7:59  Marine x2  
  94  8:05  Marine, Marauder  
  98  8:06  Marauder  
  98  8:14  Marine  
  98  8:17  Marine x2  
  96  8:27  Marauder  
  96  8:30  Marine  
  96  8:33  Marine, Marauder  
  100  8:34  Orbital Command  
  100  8:45  SCV  
  91  8:59  Marine  
  91  9:00  Marine x2  
  91  9:01  Medivac  
  91  9:02  Medivac  
  94  9:17  Starport  
  94  9:23  Marine x3, Marauder  
  94  9:24  Marauder, SCV x3  
  102  9:26  Marine  
  97  9:40  Marine, Viking  
  97  9:41  Viking  
  97  9:45  Marauder x2  
  104  9:47  Marine  
  104  9:51  SCV x2  
  107  9:55  Missile Turret  
  107  9:57  Orbital Command  
  107  10:03  SCV  
  107  10:05  Marine x3  
  107  10:06  Marauder  
  113  10:11  Marine x2  
  115  10:15  Barracks x2  
  115  10:17  Starport Tech Lab  
  115  10:25  Marine  
  115  10:27  Marauder  
  118  10:29  Medivac  
  118  10:30  Missile Turret  
  118  10:34  Bunker  
  118  10:56  Marine x2  
  118  10:57  Marine, Marauder x2  
  119  11:06  Marine  
  114  11:14  Marine x2  
  114  11:18  Marauder x2  
  104  11:20  Marine  
  104  11:24  Marine  
  95  11:32  Marine x2  
  77  11:38  Marine  
  77  11:39  Marauder x2  
  80  11:40  Barracks Reactor  
  80  11:42  Marine  
  81  11:47  Medivac x2  
  81  11:49  Marine  
  81  11:50  Barracks Reactor, Marine, SCV  
  81  11:51  SCV  
  81  11:52  Armory  
  89  11:56  Marine  
  89  11:57  Missile Turret  
  89  12:00  Marine x3  
  93  12:02  SCV  
  93  12:04  SCV  
  93  12:05  SCV  
  93  12:07  Marine x2  
  98  12:10  Marine  
  98  12:11  Factory Reactor  
  98  12:13  Marine  
  100  12:17  Marine  
  100  12:18  Marine  
  100  12:19  Marauder  
  101  12:25  Marine x2  
  101  12:28  Marine  
  101  12:29  Marine  
  100  12:31  Marine  
  100  12:35  Marine  
  100  12:36  Marauder  
  102  12:39  Marine  
  102  12:43  Marine x2, Viking  
  106  12:46  Marine  
  106  12:47  Marine  
  106  12:49  Command Center, Marine  
  105  12:53  Marine  
  105  12:57  Marine  
  105  12:58  Marauder  
  109  13:01  Marine  
  96  13:16  Marauder  
  96  13:17  Marine x2  
  96  13:19  Widow Mine  
  90  13:20  Widow Mine  
  90  13:23  SCV  
  90  13:25  Refinery  
  89  13:27  Marine  
  89  13:28  Marauder  
  89  13:29  Marine  
  89  13:30  Marine x2  
  95  13:35  Marine x2  
  95  13:37  Marine  
  98  13:45  Marine  
  98  13:47  Marine x2  
  101  13:50  Marine  
  101  13:51  Marauder  
  101  13:53  Marine x2  
  106  13:58  Widow Mine x2  
  106  14:02  Missile Turret  
  109  14:07  Marine x2  
  109  14:08  Marauder  
  108  14:10  Marine  
  108  14:11  Marine  
  108  14:12  Marauder  
  95  14:26  Marine  
  95  14:27  Marine  
  95  14:29  Marauder  
  97  14:33  Marine x2  
  97  14:34  Marauder  
  95  14:43  Marine  
  95  14:45  Marine  
  90  14:50  Marine x2  
  90  14:51  Marine  
  87  14:55  Marauder  
  87  14:56  Orbital Command  
  63  15:16  Marine x2, Marauder  
  53  15:26  Marine  
  48  15:31  Missile Turret  
  48  15:34  Marine x2  
  48  15:35  Command Center  
  52  15:38  Marauder  
Show
View Real Time Build Order
Export as new Build Order

vrnigor Protoss - Winner!

Build Orders:  

Get SALT Encoding   

  12  0:01  Probe (Chrono Boost)  
  13  0:12  Probe (Chrono Boost)  
  14  0:18  Pylon  
  14  0:22  Probe (Chrono Boost)  
  15  0:36  Probe (Chrono Boost)  
  16  0:43  Gateway  
  16  0:47  Probe (Chrono Boost)  
  17  0:58  Probe (Chrono Boost)  
  17  0:59  Assimilator  
  18  1:06  Assimilator  
  18  1:28  Gateway  
  18  1:34  Cybernetics Core  
  18  1:38  Pylon  
  18  1:49  Probe (Chrono Boost)  
  19  2:00  Probe (Chrono Boost)  
  19  2:10  Probe (Chrono Boost)  
  19  2:12  Warp Gate  
  20  2:15  Stalker x2  
  20  2:21  Probe (Chrono Boost)  
  25  2:31  Probe (Chrono Boost)  
  26  2:54  Nexus  
  26  2:56  Mothership Core (Chrono Boost)  
  28  3:05  Twilight Council  
  28  3:16  Forge  
  28  3:20  Probe (Chrono Boost)  
  29  3:31  Probe (Chrono Boost)  
  30  3:57  Probe (Chrono Boost)  
  31  4:07  Probe (Chrono Boost)  
  30  4:16  Dark Shrine  
  30  4:18  Probe (Chrono Boost)  
  30  4:19  Pylon  
  30  4:23  Probe (Chrono Boost)  
  32  4:28  Probe (Chrono Boost)  
  32  4:29  Pylon  
  32  4:30  Pylon  
  33  4:33  Protoss Air Weapons Level 1, Probe (Chrono Boost)  
  34  4:38  Stargate  
  34  4:43  Assimilator  
  34  4:47  Photon Cannon  
  34  4:50  Pylon  
  34  4:51  Probe x2 (Chrono Boost)  
  36  5:01  Probe x2 (Chrono Boost)  
  36  5:06  Protoss Ground Weapons Level 1  
  35  5:17  Photon Cannon  
  35  5:24  Stalker x2  
  39  5:38  Probe (Chrono Boost)  
  39  5:40  Probe (Chrono Boost), Assimilator  
  41  5:46  Photon Cannon  
  41  5:49  Probe (Chrono Boost)  
  42  5:51  Probe (Chrono Boost)  
  43  6:00  Probe (Chrono Boost)  
  43  6:01  Fleet Beacon  
  43  6:04  Pylon  
  42  6:08  Probe (Chrono Boost)  
  43  6:28  Nexus  
  43  6:37  Pylon, Probe x2 (Chrono Boost)  
  45  6:42  Protoss Air Armor Level 1  
  45  6:48  Probe (Chrono Boost)  
  45  6:49  Stargate  
  45  6:50  Probe (Chrono Boost)  
  45  6:52  Stargate  
  47  6:58  Probe (Chrono Boost)  
  47  7:00  Probe (Chrono Boost)  
  49  7:06  Photon Cannon  
  49  7:09  Probe (Chrono Boost)  
  49  7:11  Probe (Chrono Boost)  
  49  7:13  Photon Cannon  
  51  7:19  Probe (Chrono Boost)  
  51  7:21  Probe (Chrono Boost)  
  53  7:24  Graviton Catapult  
  54  7:30  Probe (Chrono Boost)  
  54  7:31  Dark Templar  
  54  7:32  Dark Templar  
  58  7:44  Carrier (Chrono Boost)  
  64  7:54  Probe x3  
  62  8:17  Dark Templar  
  62  8:19  Dark Templar  
  66  8:24  Gateway  
  64  8:29  Gateway  
  62  9:03  Carrier x2 (Chrono Boost)  
  62  9:08  Protoss Air Weapons Level 2  
  72  9:12  Protoss Shields Level 1  
  72  9:16  Stargate  
  72  9:24  Dark Templar  
  70  9:46  Sentry  
  70  9:47  Sentry  
  74  9:55  Probe x2  
  74  9:56  Pylon  
  74  9:59  Pylon  
  76  10:11  Probe x2  
  78  10:17  Nexus  
  78  10:19  Pylon  
  78  10:21  Nexus  
  78  10:23  Probe x2, Pylon  
  78  10:24  Pylon, Carrier (Chrono Boost)  
  78  10:25  Pylon  
  92  10:29  Carrier (Chrono Boost)  
  92  10:35  Probe x2  
  94  10:37  Pylon  
  94  10:39  Pylon  
  94  10:40  Pylon  
  94  10:45  Dark Templar  
  94  10:47  Probe x2  
  93  10:55  Dark Templar  
  83  11:09  Dark Templar  
  62  11:24  Zealot  
  62  11:25  Zealot  
  56  11:36  Probe  
  56  11:37  Probe  
  58  11:46  Probe x2  
  58  11:49  Probe  
  61  11:56  Probe  
  61  11:57  Probe  
  63  12:01  Probe  
  63  12:07  Probe  
  57  12:55  Dark Templar x3  
  60  13:03  Nexus  
  54  13:06  Pylon  
  54  13:08  Pylon  
  54  13:11  Photon Cannon  
  53  13:28  Probe  
  53  13:30  Probe  
  55  13:39  Probe  
  56  13:42  Probe  
  57  13:50  Probe  
  57  13:54  Probe  
  59  14:01  Dark Templar  
  61  14:06  Mothership Core  
  48  14:38  Dark Templar  
Tags
 
Add a new tag
Caveats
  • Supply blocks, unpowered buildings, or Contaminate may cause inaccurate times.
  • Supply counts are checked every 10 seconds.